 Dungeon Crawl Stone Soup version 0.27-a0-1532-gca18f49f40 (webtiles) character file.

Game seed: 10607639351868848387

25 garrulousMonolith the Insei (level 3, -1/28 HPs)
             Began as a Djinni Transmuter on July 12, 2021.
             Slain by a goblin (3 damage)
             ... on level 2 of the Dungeon.
             The game lasted 00:01:49 (1605 turns).

garrulousMonolith the Insei (Djinni Transmuter)     Turns: 1605, Time: 00:01:50

Health: -1/28      AC:  5    Str:  7 (9)  XL:     3   Next: 20%
Gold:   35         EV: 12    Int: 14 (15) God:
                   SH:  0    Dex: 10 (13)

rFire    + + .     SeeInvis .     - Unarmed
rCold    x . .     Faith    .   (no shield)
rNeg     + . .     Spirit   .   a - +0 robe
rPois    ∞         Reflect  .   (no helmet)
rElec    .         Harm     .   (no cloak)
rCorr    .         Rampage  .   g - +2 pair of gloves
Will     .....                  (boots unavailable)
Stlth    +.........             (no amulet)
HPRegen  0.09/turn              e - +4 ring of slaying
MPRegen  0.00/turn              c - ring of positive energy

@: flying
A: sickness immunity, fire resistance 2, cold vulnerability 1, float, innate
caster, hp casting, extra vitality 1
a: no special abilities


You were on level 2 of the Dungeon.
You visited 1 branch of the dungeon, and saw 2 of its levels.

You collected 35 gold pieces.

Inventory:

Armour
 a - a +0 robe (worn)
 g - a +2 pair of gloves (worn)
Jewellery
 c - a ring of positive energy (right hand)
 e - a +4 ring of slaying (left hand)
 f - a +6 ring of intelligence
Potions
 b - a potion of degeneration


   Skills:
 * Level 1.8 Fighting
 + Level 2.5 Dodging
 + Level 3.2 Unarmed Combat
 * Level 2.0 Spellcasting


You couldn't memorise any spells.
You knew the following spells:

 Your Spells              Type           Power      Damage    Failure   Level
a - Beastly Appendage     Tmut           14%        N/A       11%         1
b - Wereblood             Tmut           7%         N/A       16%         2
c - Spider Form           Tmut/Pois      3%         N/A       30%         3
d - Ice Form              Ice/Tmut       7%         N/A       71%         4
e - Corona                Hex            7%         N/A       11%         1
Your spell library was empty.

Dungeon Overview and Level Annotations

Branches:
Dungeon (2/15)

Altars:


Innate Abilities, Weirdness & Mutations

You are immune to sickness and miasma.
You are immune to poison.
Your flesh is very heat resistant. (rF++)
You are vulnerable to cold. (rC-)
You float through the air rather than walking.
You learn spells naturally, not from books.
Your magical power is your life essence.
You have superior vitality. (+4 HP)


Message History

Okay, then.
You aren't carrying any items that you can evoke.
The gnoll closely misses you. The gnoll barely misses you.
Your horns disappear.
Casting: Beastly Appendage (safe; 11% risk of failure)
Confirm with . or Enter, or press ? or * to list all spells.
Okay, then.
You aren't carrying any items that you can evoke.
The gnoll barely misses you.
There is a stone staircase leading down here.
You fly downwards.
The hobgoblin hits you.
* * * LOW HITPOINT WARNING * * *
The gnoll hits you from afar with a +0 spear.
* * * LOW HITPOINT WARNING * * *
There is a stone staircase leading up here.
Found a scroll labelled XUETTA GOAL.
Found 3 viscous cyan potions.
You see here a scroll labelled XUETTA GOAL.
A kobold comes into view. It is wielding a +0 short sword.
The kobold shouts!
The hobgoblin closely misses you.
A giant cockroach comes into view.
The giant cockroach moves out of view.
A goblin comes into view. It is wielding a +0 club.
The goblin shouts!
Found a stone staircase leading up.
The giant cockroach misses you.
Found a robe.
The giant cockroach bites you.
* * * LOW HITPOINT WARNING * * *
The giant cockroach misses you. The giant cockroach barely misses you.
There is a stone staircase leading up here.
The gnoll hits you from afar with a +0 spear.
* * * LOW HITPOINT WARNING * * *
The hobgoblin hits you but does no damage.
The giant cockroach bites you but does no damage.
The goblin hits you with a +0 club.
You die...

#.# #.##.##.#
#.# #.##.....
#g# .........
#.# ##.......#
#K####........#
#..............
######g.......#
#Bg.....[#
#@g......#
#.####.### #.#
.. #.# ## #.#
#.# #.# #..


You could see a gnoll, a giant cockroach, a hobgoblin and a goblin.

Vanquished Creatures
  A gnoll (D:1)
  A ball python (D:1)
  3 bats (D:1)
  2 endoplasms (D:1)
  A hobgoblin (D:1)
  A kobold (D:1)
  2 frilled lizards (D:1)
  2 goblins (D:1)
  2 rats (D:1)
15 creatures vanquished.

Notes
Turn   | Place    | Note
-------+----------+-------------------------------------------
     0 | D:1      | garrulousMonolith the Djinni Transmuter began the quest for
                  | the Orb.
     0 | D:1      | Reached XP level 1. HP: 17/17 MP: 0/0
   348 | D:1      | Found a faded altar of an unknown god.
   451 | D:1      | Reached XP level 2. HP: 17/22 MP: 0/0
   887 | D:1      | HP: 1/22 [gnoll (2)]
   892 | D:1      | Reached XP level 3. HP: 2/28 MP: 0/0
   892 | D:1      | Learned a level 1 spell: Corona
  1605 | D:2      | Slain by a goblin

Illustrated notes

Levels and vault maps discovered:
D:1:      kennysheep_arrival_forest, layout_basic,
          ebering_ecumenical_altar_sacrificial
D:2:      layout_loops_ring

Skill      XL: |  1  2  3 |
---------------+----------+-----
Spellcasting   | 2 |  2.0
Fighting       | |  1.8
Dodging        | |  2.5
Unarmed Combat | |  3.2

Action                   || total
-------------------------++-------
Melee: Unarmed           ||    39
 Cast: Beastly Appendage ||    16
  Use: Potion            ||     1
       Scroll            ||     1
Armor: Robe              ||    11
Dodge: Dodged            ||    38

Table legend: (Time is in decaauts)
 A = Elapsed time spent in this place.
 B = Non-inter-level travel time spent in this place.
 C = Inter-level travel time spent in this place.
 D = Time resting spent in this place.
 E = Time spent auto-exploring this place.
 F = Levels seen in this place.
 G = Mean time per level.
                   A        B        C        D        E       F      G
               +--------+--------+--------+--------+--------+-----+--------+
         Total |   1602 |   1577 |     25 |    383 |    986 |   2 |  801.0 |
       Dungeon |   1602 |   1577 |     25 |    383 |    986 |   2 |  801.0 |
               +--------+--------+--------+--------+--------+-----+--------+

Top non-repeatable levels by time:
     D:1: 1538 daAuts
     D:2: 64 daAuts
